[Event "Austrian Championship 2022"]
[Site "Vienna"]
[Date "2022.08.12"]
[Round "1.5"]
[White "Belke, Frank"]
[Black "Spiesberger, Gerhard"]
[Result "1-0"]
[ECO "A21"]
[WhiteElo "2226"]
[BlackElo "1972"]
[Annotator "TA"]
[PlyCount "58"]
[EventDate "2022.08.12"]
[EventType "swiss"]
[EventCountry "AUT"]
[SourceTitle "playchess.com"]
[Source "ChessBase"]
[SourceQuality "1"]
[TimeControl "40/5400+30:1800+30"]

1. d4 d6 2. c4 e5 3. Nc3 Nc6 4. d5 Nce7 5. e4 f5 6. f3 {[%emt 0:01:05] A21: English Opening: 1...e5 2 Nc3.} (6. Bd3 $14) 6... Nf6 $11 7. Bd3 g6 8. Nge2 {[%emt 0:01:11] White is slightly better.} Bg7 9. Be3 Bd7 {[%emt 0:03:11] [#]} 10. h3 $146 ({Predecessor:} 10. Qd2 O-O 11. O-O-O f4 12. Bf2 g5 13. g4 Nc8 14. h3 Qe7 15. Kb1 Rd8 16. Ka1 Be8 {½-½ (47) Ditmas,H (1913)-Meyer,T (1993) Delmenhorst 2011}) 10... a6 11. g4 f4 12. Bf2 c5 13. dxc6 bxc6 14. O-O (14. Bc2 $14) 14... g5 $1 $15 15. Na4 Be6 (15... h5 $17 16. Nec3 c5) 16. Nec3 Rb8 (16... h5 $11) 17. c5 $16 {[%emt 0:04:55] aiming for cxd6.} d5 18. Nb6 h5 19. Qe2 d4 {[%emt 0:03:49] Threatens to win with ...hxg4.} 20. Nca4 $2 (20. Bc4 $1 $11 Bxc4 21. Nxc4) 20... hxg4 $19 21. hxg4 Ng6 {[%emt 0:02:22] And now ...Rh3 would win.} 22. Bc4 {[%emt 0:08:48] [#]} Qe7 (22... Bxg4 $1 $19 {[%mdl 512] Hoping for ...Bh3.} 23. fxg4 Rh3) 23. Kg2 {[%emt 0:02:51] [#]} (23. Bxe6 $1 $11 {keeps the balance.} Qxe6 24. Qc4) 23... Kf7 $2 (23... d3 $1 $17 {keeps the pressure on.} 24. Bxd3 Nxg4 25. fxg4 f3+ 26. Qxf3 Nf4+ 27. Kg1 Nh3+ 28. Kg2 Nf4+ 29. Kg1 Nh3+ 30. Kg2 Nf4+) 24. Rh1 $16 Nd7 {[%emt 0:05:50] [#]} (24... Nh4+ $142 25. Bxh4 gxh4) 25. b4 {[%emt 0:03:32] The board is on fire. White is more active.} (25. Nd5 $1 $16 Qd8 26. Rxh8 (26. Ndb6 Nh4+ 27. Bxh4 gxh4 $14) 26... Bxh8 27. Ndb6) 25... Rxh1 ({Black should play} 25... Nh4+ $1 $14 26. Bxh4 gxh4) 26. Rxh1 $18 Nxb6 (26... Ndf8 {keeps fighting.} 27. Bxe6+ (27. Bxa6 Nh4+ 28. Bxh4 gxh4 $16) 27... Qxe6) 27. Nxb6 Kf6 28. Bxa6 Rd8 29. Bd3 Nf8 {[%emt 0:17:58] Weighted Error Value: White=0.32/Black=0.41} 1-0

[Event "Austrian Championship 2022"]
[Site "Vienna"]
[Date "2022.08.12"]
[Round "1.6"]
[White "Sucher, Johannes"]
[Black "Schwabeneder, Florian"]
[Result "0-1"]
[ECO "D39"]
[WhiteElo "2164"]
[BlackElo "2430"]
[Annotator "TA"]
[PlyCount "64"]
[EventDate "2022.08.12"]
[EventType "swiss"]
[EventCountry "AUT"]
[SourceTitle "playchess.com"]
[Source "ChessBase"]
[SourceQuality "1"]
[TimeControl "40/5400+30:1800+30"]

1. d4 e6 2. Nf3 d5 3. c4 Nf6 4. Nc3 Bb4 5. Bg5 dxc4 6. Qa4+ Nc6 7. O-O-O {[%emt 0:02:53] D39: Queen's Gambit Declined: Ragozin Defence with 5 Bg5 dxc4.} (7. e4 $11 {keeps the balance.}) 7... Bxc3 $17 8. bxc3 Qd5 {[%emt 0:00:11] [#] Strongly threatening ...Ne4.} 9. Bxf6 {[%emt 0:06:24] Black is better.} gxf6 10. e4 Qxe4 {[%emt 0:00:38] [#]} 11. Bxc4 $146 ({Predecessor:} 11. Nd2 Qf5 12. Bxc4 Bd7 13. Qa3 b5 14. g4 Qxg4 15. Bxb5 Qf5 16. Qa4 Nb8 17. Bxd7+ Nxd7 {½-½ (26) Podgorny,J-Junge,K Prague 1942}) 11... Bd7 12. Qa3 O-O-O 13. Rd2 Kb8 14. Rb2 (14. Re1 $17 {was called for.} Qg4 15. Bf1) 14... Rhg8 $19 15. Ne1 Qf4+ 16. Kb1 Qd6 17. Qa6 (17. Qxd6 $17 cxd6 18. Bd3) 17... b6 18. Nd3 Rxg2 ({Avoid the trap} 18... Bc8 $2 19. Qa4 $19) 19. Ka1 Rxh2 20. Rhb1 Bc8 21. Qa4 Rh5 22. Nc5 Rxc5 23. dxc5 Qxc5 24. Bb5 Bb7 25. Rb3 Ne7 26. Ra3 $2 {[%emt 0:00:59] [#]} (26. Qb4 Qxb4 27. cxb4) 26... Nc8 27. Ba6 Bc6 28. Qb3 Nd6 29. Rd1 Qxf2 30. Ra5 $2 (30. c4) 30... f5 {[%emt 0:04:06] Black is clearly winning.} 31. c4 Bf3 32. Rd3 Qe1+ {[%emt 0:00:19] Weighted Error Value: White=0.85/Black=0.18 (very precise)} 0-1

[Event "Austrian Championship 2022"]
[Site "Vienna"]
[Date "2022.08.12"]
[Round "1.6"]
[White "Stadlinger, Matthias"]
[Black "Steiner, Adam"]
[Result "1/2-1/2"]
[ECO "D14"]
[WhiteElo "1975"]
[BlackElo "2226"]
[Annotator "TA"]
[PlyCount "83"]
[EventDate "2022.08.12"]
[EventType "swiss"]
[EventCountry "AUT"]
[SourceTitle "playchess.com"]
[Source "ChessBase"]
[SourceQuality "1"]
[TimeControl "40/5400+30:1800+30"]

1. c4 c6 2. Nc3 d5 3. cxd5 cxd5 4. d4 Nf6 5. Nf3 Nc6 6. Bf4 Bf5 7. e3 e6 8. Bb5 Nd7 9. Qa4 Rc8 10. O-O a6 11. Bxc6 Rxc6 {[%emt 0:00:13] [#]} 12. Rfe1 $146 {[%emt 0:00:13] D14: Slav Defence: Exchange variation with ...Bf5.} (12. Rfc1 $11) ({Predecessor:} 12. Rfc1 Be7 13. Ne2 Qb6 14. Rxc6 Qxc6 15. Qxc6 bxc6 16. Rc1 Bd3 17. Nc3 c5 18. dxc5 Nxc5 19. Ne5 f6 20. Nc6 Bc4 21. b3 {1-0 (47) Ivanchuk,V (2739)-Dominguez Perez,L (2719) Moscow 2009}) 12... Be7 $15 13. Ne5 Nxe5 14. dxe5 {[%emt 0:00:04] Black is better.} O-O 15. e4 Rc4 16. Qb3 Rb4 17. Qc2 dxe4 18. Rad1 Qc7 {[%emt 0:17:41][%cal Oe4e3] [#] aiming for ...e3!} ({Don't play} 18... e3 $6 19. Rxd8 Bxc2 20. Rxf8+ Kxf8 21. Bxe3 $15) 19. Qe2 Rd8 20. Rxd8+ Qxd8 21. Rd1 Rd4 22. Rxd4 Qxd4 23. g4 Bg6 24. g5 Qd3 25. Qxd3 exd3 $17 {[%emt 0:00:02][%mdl 4096] Endgame KBB-KBN} 26. a3 Kf8 27. Kf1 Ke8 28. Ke1 Kd7 29. Kd2 Kc6 30. Be3 b5 31. b4 a5 32. bxa5 Bxa3 {[%emt 0:00:01] [#] White must now prevent ...b4.} 33. a6 Bb4 {[%emt 0:00:06] This bishop pair is nice.} 34. f3 Ba5 35. a7 Kb7 36. h4 (36. Bd4 $17) 36... Bh5 $2 (36... h6 $19 {Strongly threatening ...Ka8.} 37. Bd4 b4) 37. Kxd3 $11 {[%emt 0:00:22] The position is equal.} Bxc3 38. Kxc3 Bxf3 39. Kb4 Ka6 40. Bd4 Ba8 41. Be3 Bd5 42. Bd4 {[%emt 0:00:52] And White is the lucky defender.  Weighted Error Value: White=0.15 (very precise) /Black=0.13 (very precise)} 1/2-1/2

[Event "Austrian Championship 2022"]
[Site "Vienna"]
[Date "2022.08.12"]
[Round "1.7"]
[White "Balinov, Ilia"]
[Black "Trkulja, Zoran"]
[Result "1/2-1/2"]
[ECO "A33"]
[WhiteElo "2419"]
[BlackElo "2111"]
[Annotator "TA"]
[PlyCount "66"]
[EventDate "2022.08.12"]
[EventType "swiss"]
[EventCountry "AUT"]
[SourceTitle "playchess.com"]
[Source "ChessBase"]
[SourceQuality "1"]
[TimeControl "40/5400+30:1800+30"]

1. d4 e6 2. g3 Nf6 3. Bg2 c5 4. Nf3 Nc6 5. O-O Be7 6. c4 cxd4 7. Nxd4 a6 8. Nc3 O-O 9. b3 Qa5 10. Bb2 {[%emt 0:13:25] A33: Symmetrical English: 2 Nf3 Nf6 3 d4 cxd4 4 Nxd4 e6 5 Nc3 Nc6.} Rb8 11. a3 Qh5 12. e4 {[%emt 0:51:31] White is slightly better.} Nxd4 13. Qxd4 d6 {[%emt 0:04:14] [#]} (13... Bc5 14. Qd1 $16) 14. Rfe1 $146 ({Predecessor:} 14. a4 e5 15. Qd1 Bg4 16. f3 Be6 17. Bc1 Nd7 18. f4 Qxd1 19. Rxd1 exf4 20. gxf4 {0-1 (53) Brunsch,M-Kristmann,U Germany 1991}) 14... b6 15. e5 Ng4 16. h3 $1 {[%emt 0:04:44] Active counter play!} Nxe5 17. Ne4 Bb7 (17... f6 $5 ) 18. f4 f5 19. Nd2 ({Much worse is} 19. Nxd6 Bxd6 20. Qxd6 Nf3+ 21. Kf2 Nxe1 22. Rxe1 Bxg2 23. Kxg2 Rfd8 24. Qxe6+ Qf7 $17) 19... Qg6 20. fxe5 {[%emt 0:01:00] [#] Bxb7 is the strong threat.} Qxg3 (20... f4 $1 $11 {remains equal.} 21. Bxb7 (21. exd6 $2 Bf6 $19) 21... d5) 21. Qf2 (21. Re2 $16) 21... Qxf2+ $11 22. Kxf2 {[%emt 0:00:03][%cal Bg1f2,Bf2f1,Bf1g2][%mdl 32] Threatens to win with exd6.} Bh4+ 23. Kf1 Bxe1 24. Rxe1 Bxg2+ 25. Kxg2 dxe5 26. Rxe5 Kf7 27. Nf3 {[%emt 0:00:06][%mdl 1024] And now Ng5+ would win. White has compensation.} h6 {[%emt 0:00:32] Against Ng5+} 28. Bd4 Rfe8 29. h4 Rg8 (29... Rbd8 $14) 30. Be3 ({White should try} 30. Re1 $16) 30... Kf6 31. Bd4 ({White should play} 31. Kf2 $14) 31... Kf7 $16 32. Be3 (32. Re1 $16) 32... Kf6 $11 33. Bd4 (33. Kf2 $11) 33... Kf7 {[%emt 0:00:10] Weighted Error Value: White=0.34/Black=0.17 (very precise)} 1/2-1/2

[Event "Austrian Championship 2022"]
[Site "Vienna"]
[Date "2022.08.12"]
[Round "1.7"]
[White "Gschiel, Alexander"]
[Black "Weichhart, Daniel"]
[Result "1-0"]
[ECO "E01"]
[WhiteElo "2215"]
[BlackElo "1965"]
[Annotator "TA"]
[PlyCount "81"]
[EventDate "2022.08.12"]
[EventType "swiss"]
[EventCountry "AUT"]
[SourceTitle "playchess.com"]
[Source "ChessBase"]
[SourceQuality "1"]
[TimeControl "40/5400+30:1800+30"]

1. d4 d5 2. c4 c6 3. Nf3 Nf6 4. Nc3 e6 5. g3 Nbd7 6. Bg2 dxc4 7. a4 Bd6 {[%emt 0:02:00] E01: Catalan: Early deviations.} 8. Nd2 e5 9. Nxc4 Bc7 {[%emt 0:01:20] White is slightly better.} 10. O-O O-O {[%emt 0:02:00] [#]} 11. Be3 $146 {[%emt 0:07:33] White is more active.} ({Predecessor:} 11. d5 cxd5 12. Nxd5 Nxd5 13. Qxd5 Nb6 14. Qxd8 Rxd8 15. Na5 Rb8 16. h3 Nd5 17. Bd2 {½-½ (41) Deac,B (2692)-Aloma Vidal,R (2448) Chess.com INT 2022}) 11... Ng4 12. d5 Nxe3 13. Nxe3 cxd5 14. Ncxd5 Nf6 15. Nxc7 Qxc7 16. Rc1 Qe7 17. Qc2 Rd8 18. Nf5 (18. Rfd1 $14) 18... Bxf5 19. Qxf5 Rd2 20. Rc8+ Rd8 21. Rxa8 Rxa8 22. Rc1 {[%emt 0:04:14] Hoping for Rc8+.} g6 23. Qf3 Rb8 24. a5 Kg7 25. Qe3 b6 26. a6 Rd8 27. Qc3 Nd5 28. Qc4 Nb4 29. Bb7 Rd4 30. Qc7 Rd7 {[%emt 0:05:33] [#]} (30... Qf6 $11) 31. Qb8 $1 $16 Rd2 32. Rc8 (32. Qxa7 $16 Qd6 33. Bg2) 32... Rxe2 $11 (32... Rd1+ 33. Kg2 $16) 33. Rg8+ (33. Qxa7 Qf6 34. f4 Qd6) 33... Kf6 34. Qc8 {[%emt 0:02:33] aiming for Qg4.} (34. Qxa7 {gets mated.} Qc5) (34. Kf1 Rd2 35. Qf8 Qxf8 36. Rxf8 Ke7 $17) 34... Rxb2 $2 (34... Qd6 $1 $11 {and Black has nothing to worry.}) 35. Qc3 $2 (35. Qg4 $18 {Black must now prevent Bc8.} Rc2 36. Bc8 Rxc8 37. Qf3+ (37. Rxc8 Kg7 $16) (37. Qxc8 Qe6 $16) 37... Ke6 38. Rxc8) 35... Rb1+ $2 (35... Qd6 $11 36. Qxb2 Qd1+ 37. Kg2 Nd3) 36. Kg2 $18 {[%emt 0:00:01] Dancing on a razor blade.} Qc5 $2 (36... Qe6 37. Qd2 Qc4) 37. Qf3+ Ke7 38. Qe4 {[%emt 0:00:33] [#] White wants to mate with Qh4+.} Rb2 39. Qh4+ {[%emt 0:00:07] White mates.} Ke6 40. Re8+ Kf5 41. Be4# {[%emt 0:30:34] Weighted Error Value: White=0.19 (very precise) /Black=0.55} 1-0

[Event "Austrian Championship 2022"]
[Site "Vienna"]
[Date "2022.08.12"]
[Round "1.8"]
[White "Kienboeck, Benjamin"]
[Black "Menezes, Christoph"]
[Result "0-1"]
[ECO "B90"]
[WhiteElo "2151"]
[BlackElo "2417"]
[Annotator "TA"]
[PlyCount "168"]
[EventDate "2022.08.12"]
[EventType "swiss"]
[EventCountry "AUT"]
[SourceTitle "playchess.com"]
[Source "ChessBase"]
[SourceQuality "1"]
[TimeControl "40/5400+30:1800+30"]

1. e4 c5 2. Nf3 d6 3. d4 cxd4 4. Nxd4 Nf6 5. Nc3 a6 6. f3 e5 7. Nb3 Be6 8. Be3 h5 9. Qd2 Be7 10. O-O-O Nbd7 11. Nd5 Bxd5 12. exd5 Qc7 13. Kb1 Nb6 {[%emt 0:03:09] B90: Sicilian Najdorf: Unusual White 6th moves, 6 Be3 Ng4 and 6 Be3 e5.} 14. Bxb6 {[%emt 0:21:01] was the old line (14.Qa5).} Qxb6 15. Qa5 Bd8 {[%emt 0:07:56][%cal Be7d8,Bd8b6,Bb6e3,Be3f4][%mdl 32] The position is equal.} 16. Qxb6 Bxb6 {[%emt 0:00:05] [#]} 17. Nd2 $146 ({Predecessor:} 17. c4 a5 18. Bd3 a4 19. Nd2 Nd7 20. Ne4 Ke7 21. g4 hxg4 22. fxg4 Rh3 23. Ng5 {1-0 (52) Mathews,C (1999)-Gu,X (2263) Europe Echecs INT 2021}) 17... Ke7 ({Resist} 17... Nxd5 18. Nc4 Bd4 19. Nxd6+ Ke7 20. Nf5+ Kf6 21. Bd3 $11 (21. Nxd4 Ne3 $11)) 18. Ne4 Nd7 19. g4 h4 (19... hxg4 $17 20. fxg4 Rh4) 20. Bd3 Be3 21. Rde1 Bf4 22. Nf2 Nc5 23. Re2 h3 24. Ree1 Bg5 25. Bf1 Bh4 26. Re2 Bxf2 27. Rxf2 Nd7 28. Rg1 Rh4 29. Rg3 Rah8 30. Kc1 b5 31. c3 Nb6 32. Rd2 Rc8 33. Kc2 Rc5 34. Rxh3 Rxh3 35. Bxh3 Nxd5 $17 {[%emt 0:00:23][%mdl 4096] Endgame KRB-KRN} 36. Kb3 {[%emt 0:00:49] [#] Prevents b4.} Nb6 {[%emt 0:04:19] Against a4} ({Black should play} 36... a5 $1 $17) 37. Bf1 $11 a5 38. a3 a4+ 39. Kb4 Nd5+ 40. Ka5 b4+ 41. Kxa4 bxc3 42. bxc3 Nxc3+ 43. Kb4 Nd5+ 44. Kb3 Ne3 45. Bd3 d5 46. Kb4 Kd6 47. a4 d4 {[%emt 0:01:00] ...Nd5+ is the strong threat.} 48. Be4 {[%emt 0:02:44] Black keeps a firm grip on the game.} (48. Rb2 $15) 48... Rc8 $19 {[%emt 0:05:34] Threatens to win with ...Rb8+.} 49. Kb5 (49. Bd3 {was necessary.}) 49... g6 50. a5 (50. g5 {was called for.}) 50... f5 (50... Rb8+ $142 51. Ka6 f5 52. gxf5 gxf5) 51. gxf5 $2 (51. Bb7 {was forced.} Rc5+ 52. Kb4) 51... gxf5 (51... Rb8+ $142 52. Ka6 gxf5) 52. Bd3 $2 (52. Bb7 {was the crucial defense.} Rc1 53. f4 Rb1+ 54. Ka6) 52... Kd5 53. Kb6 e4 54. fxe4+ fxe4 {[%emt 0:00:04] Hoping for ...Nc4+.} 55. Ba6 Nc4+ 56. Bxc4+ Rxc4 {[%emt 0:00:05] KR-KR} 57. Ra2 Rc8 ({But not} 57... Rb4+ $2 58. Kc7 Rc4+ 59. Kd7 $19) 58. a6 e3 (58... d3 $142 59. a7 e3) 59. Kb7 Rh8 {[%emt 0:00:13] ( -> ...d3)} 60. a7 d3 61. a8=Q Rxa8 62. Rxa8 {[%emt 0:00:03] KR-KPP} e2 63. Re8 d2 64. Rxe2 d1=Q {[%emt 0:06:17] KQ-KR} 65. Rb2 Qa4 66. h4 Qd7+ 67. Ka6 Qc8+ 68. Ka7 Qd7+ $2 (68... Qc3 {mates} 69. Rb5+ Kc6 70. Rb6+ Kc5 71. Kb7 Qg7+ 72. Ka6 Qd7 73. Rb2 Qd3+ 74. Kb7 Qe4+ 75. Ka7 Qd4 76. Rb6 Qxh4 77. Rb7 Qe4 78. Rc7+ Kb5 79. Rf7 Qd4+ 80. Kb8 Qd6+ 81. Ka7 Kc6 82. Rb7 Qd8 83. Rh7 Qd4+ 84. Kb8 Qe5+ 85. Ka8 Qa1+ 86. Kb8 Qb1+ 87. Ka7 Qxh7+ 88. Ka6 Qb7+ 89. Ka5 Qb5#) 69. Kb6 $2 {[%emt 0:00:14][%mdl 8192] [#]} (69. Ka6 $11) 69... Qd8+ {[%emt 0:00:00] Black mates.} 70. Ka7 Qe7+ 71. Rb7 Qa3+ 72. Kb8 Qg3+ 73. Rc7 Qxh4 74. Rd7+ Kc6 75. Rc7+ Kd6 76. Kb7 Qb4+ 77. Kc8 Qb5 78. Ra7 Qc6+ 79. Kb8 Qb6+ 80. Rb7 Qd8+ 81. Ka7 Qa5+ 82. Kb8 Kc6 83. Rh7 Qb4+ 84. Ka8 Qa3+ {[%emt 0:00:13] Weighted Error Value: White=0.82/Black=0.29 (precise)} 0-1

[Event "Austrian Championship 2022"]
[Site "Vienna"]
[Date "2022.08.12"]
[Round "1.8"]
[White "Hengl, Philip"]
[Black "Bauer, Thomas"]
[Result "0-1"]
[ECO "B06"]
[WhiteElo "1968"]
[BlackElo "2228"]
[Annotator "TA"]
[PlyCount "64"]
[EventDate "2022.08.12"]
[EventType "swiss"]
[EventCountry "AUT"]
[SourceTitle "playchess.com"]
[Source "ChessBase"]
[SourceQuality "1"]
[TimeControl "40/5400+30:1800+30"]

1. e4 d6 2. d4 g6 3. Nc3 a6 4. Be3 b5 5. a3 Bb7 {[%emt 0:00:02] [#]} 6. Qd2 $146 {[%emt 0:00:44] B06: Modern Defence.} ({Predecessor:} 6. h4 Nf6 7. f3 Nbd7 8. Qd2 c5 9. Nh3 cxd4 10. Bxd4 e5 11. Be3 Rc8 12. O-O-O {0-1 (40) Haring,F (2232)-Czebe,A (2465) Slovakia 2017}) 6... Nd7 7. h4 h5 8. O-O-O {[%emt 0:03:47] The position is equal.} Bg7 (8... Ngf6 $11) 9. Nh3 Rc8 10. Ng5 c5 11. Be2 (11. e5 $5 cxd4 12. e6 fxe6 13. Bxd4 Bxd4 14. Qxd4 $11) 11... b4 12. Nb1 Qb6 13. axb4 (13. e5 $5) 13... cxb4 14. e5 (14. Qd3 $5 ) 14... Bd5 {[%emt 0:08:57] Prevents e6. Hoping for ...Nh6.} 15. Bd3 (15. e6 $1 $11 fxe6 16. Qd3) 15... e6 $1 $17 16. Ne4 Bxe4 17. Bxe4 d5 18. Bd3 Ne7 19. Qe2 Nc6 (19... Nf5 $142 $1 20. g3 Qxd4 21. Bxa6 (21. Bxd4 $2 {is the wrong capture.} Nxd4 22. Nd2 Nxe2+ 23. Bxe2 Nxe5 $19) 21... Qxe5 $1 22. Bxc8 Qxb2+ 23. Kd2 Bc3+ 24. Nxc3 Qxc3+ 25. Kc1 Qxc8 26. Rxd5 Qa8 27. Rxd7 Qa1+ 28. Kd2 Qc3+ 29. Kc1 Qa1+ 30. Kd2 Qc3+ 31. Kc1 Qa1+) 20. Bxa6 Rc7 21. Bb5 O-O {[%emt 0:04:47] White must now prevent ...Rfc8.} 22. Bxc6 (22. g4 $17 {was worth a try.} Rfc8 23. Rd2) 22... Qxc6 $19 23. g4 hxg4 $40 {[%emt 0:02:45][%cal Od7e5][%mdl 128] ...Nxe5! is the strong threat. Black attacks with force.} 24. h5 Rfc8 25. c3 Qa4 (25... bxc3 $142 26. Nxc3 f5) 26. Qd3 $2 {[%emt 0:00:00][%mdl 8192] This costs White the game.} (26. Kd2 $17 {prevents the worst.}) 26... Qa1 27. Bd2 Rb7 28. Qc2 bxc3 29. Bxc3 Bh6+ 30. Rd2 {[%emt 0:00:14] [#]} Nf8 $2 (30... Nxe5 $1 {[%cal Ob7b2][%mdl 512] ( -> ...Rxb2!)} 31. Kd1 Rxc3 32. Qxc3 Qxb1+ 33. Qc1 Qe4 34. Qc8+ Kg7 35. Qxb7 Qxh1+ 36. Kc2 Qe4+ 37. Kb3 Nc4) 31. hxg6 Bxd2+ 32. Qxd2 (32. Kxd2 $142 Nxg6 33. Ke3) 32... Nxg6 {[%emt 0:00:58] Weighted Error Value: White=0.82/Black=0.39} 0-1

[Event "Austrian Championship 2022"]
[Site "Vienna"]
[Date "2022.08.12"]
[Round "1.9"]
[White "Morgunov, Marc"]
[Black "Jethan, Martin"]
[Result "1-0"]
[ECO "B11"]
[WhiteElo "2376"]
[BlackElo "2103"]
[Annotator "TA"]
[PlyCount "59"]
[EventDate "2022.08.12"]
[EventType "swiss"]
[EventCountry "AUT"]
[SourceTitle "playchess.com"]
[Source "ChessBase"]
[SourceQuality "1"]
[TimeControl "40/5400+30:1800+30"]

1. e4 c6 2. Nc3 d5 3. Nf3 Nf6 4. e5 Ne4 5. Ne2 Qb6 6. d4 $1 {[%emt 0:00:12] B11: Caro-Kann: Two Knights Variation.} e6 7. Ng3 $1 {[%emt 0:02:00] 7.Ng3 scores better than 7.Nfg1.} Nxg3 8. hxg3 {[%emt 0:00:31] White has an edge.} c5 9. c3 {[%emt 0:08:02] Active counter play!} Bd7 {[%emt 0:05:00] [#]} (9... Nc6 $11 {remains equal.}) 10. Ng5 $1 $16 {[%emt 0:07:45] [#]} Be7 $146 ({Predecessor:} 10... cxd4 11. Qf3 dxc3 12. bxc3 Bc5 13. Qxf7+ Kd8 14. Nxh7 Kc7 15. Bd3 Nc6 16. Rh5 Raf8 17. Nxf8 Rxf8 18. Qxg7 Rxf2 {0-1 (44) Solodovnichenko,Y (2574)-Ankit,R (2451) Lienz 2019}) 11. Nxh7 ({White should try} 11. Qh5 $16) 11... Rg8 12. dxc5 Bxc5 {[%emt 0:03:37] [#]} (12... Qc7 $142) 13. Qg4 $1 {[%emt 0:01:38] Black must now prevent Nf6+.} Be7 {[%emt 0:10:13] [#] Against Nf6+} (13... Bxf2+ $16 {is a better defense.} 14. Kd1 Nc6) 14. Nf6+ $1 $18 Bxf6 15. exf6 {[%emt 0:00:04][%cal Og4g7] Qxg7! is the strong threat.} g6 16. Rh7 $40 {[%emt 0:03:32][%cal Og4g6][%mdl 128] aiming for Qxg6! White wants a kill.} Nc6 17. Qxg6 O-O-O (17... fxg6 $16 {was called for.} 18. f7+ Kf8 19. Bh6+ Rg7 20. Bxg7+ (20. Rxg7 Ke7 $11) 20... Kxf7 21. Bd4+ Kg8 22. Bxb6 Kxh7) 18. Qc2 ({And not} 18. Qxf7 Ne5 19. Qe7 Ng4 $15) 18... Rg4 $2 (18... Ne5 19. Be3 Qa5) 19. Be3 d4 20. cxd4 Qa5+ 21. Qc3 {[%emt 0:00:51] White is clearly winning.} Qa4 22. Be2 Rg6 23. Rxf7 Rh8 24. Kd2 Be8 25. Rg7 Kb8 26. Qc5 Rxf6 27. b3 Qb4+ 28. Qxb4 Nxb4 29. Bf4+ Ka8 30. Rc7 {[%emt 0:28:54] Weighted Error Value: White=0.16 (very precise) /Black=0.46} 1-0

[Event "Austrian Championship 2022"]
[Site "Vienna"]
[Date "2022.08.12"]
[Round "1.9"]
[White "Miazhynski, Yuri"]
[Black "Stadlinger, Lea"]
[Result "1/2-1/2"]
[ECO "C54"]
[WhiteElo "2166"]
[BlackElo "1723"]
[Annotator "TA"]
[PlyCount "60"]
[EventDate "2022.08.12"]
[EventType "swiss"]
[EventCountry "AUT"]
[SourceTitle "playchess.com"]
[Source "ChessBase"]
[SourceQuality "1"]
[TimeControl "40/5400+30:1800+30"]

1. e4 e5 2. Nf3 Nc6 3. Bc4 Bc5 4. c3 Nf6 5. d3 a6 6. O-O d6 7. Bb3 Ba7 8. Re1 O-O {[%emt 0:03:26] C54: Giuoco Piano: 4 c3 Nf6, main lines with 5 d4 and 5 d3.} 9. Be3 Be6 10. Bxe6 fxe6 {[%emt 0:00:22] White is slightly better.} 11. Bxa7 Rxa7 12. d4 exd4 13. cxd4 d5 14. Nc3 dxe4 15. Nxe4 Nxe4 16. Rxe4 Qd5 17. Qe2 Raa8 {[%emt 0:06:10][%cal Ba7a8,Ba8f8,Bf8f4][%mdl 32] [#]} 18. b3 $146 ({Predecessor:} 18. Qe3 Rad8 19. b3 Rf6 20. h3 h6 21. Rc1 Qd6 22. Rc4 Rdf8 23. Rc2 Ne7 24. Ne5 {1-0 (49) Belotti,B (2417)-Di Fonzo,V (2217) Bratto 2000}) 18... Rf6 19. Re1 Raf8 20. Qc4 h6 {[%emt 0:11:06] The position is equal.} 21. h3 Rf4 22. Rxf4 Rxf4 23. Qxd5 exd5 $11 {[%emt 0:00:11][%mdl 4096] Endgame KRN-KRN} 24. Re8+ Rf8 25. Re3 Rf4 26. Re8+ Rf8 27. Re3 Rf4 28. Re8+ Rf8 29. Re3 Rf4 30. Re8+ Rf8 {[%emt 0:00:04] Weighted Error Value: White=0.04 (flawless) /Black=0.05 (flawless)} 1/2-1/2

[Event "Austrian Championship 2022"]
[Site "Vienna"]
[Date "2022.08.12"]
[Round "1.10"]
[White "Mayrhuber, Nikola"]
[Black "Schreiner, Peter"]
[Result "1/2-1/2"]
[ECO "D80"]
[WhiteElo "2141"]
[BlackElo "2416"]
[Annotator "TA"]
[PlyCount "96"]
[EventDate "2022.08.12"]
[EventType "swiss"]
[EventCountry "AUT"]
[SourceTitle "playchess.com"]
[Source "ChessBase"]
[SourceQuality "1"]
[TimeControl "40/5400+30:1800+30"]

1. d4 Nf6 2. c4 g6 3. Nc3 d5 4. e3 Bg7 5. cxd5 Nxd5 6. Nxd5 {[%emt 0:00:05] D80: Grünfeld: Unusual White 4th moves and 4 Bg5.} Qxd5 7. Ne2 O-O 8. Nc3 Qd8 9. Be2 c6 10. O-O {[%emt 0:03:19] [#]} a5 $146 ({Predecessor:} 10... e5 11. dxe5 Bxe5 12. e4 Qxd1 13. Rxd1 Be6 14. f4 Bc7 15. Be3 Nd7 16. Rac1 Bb6 {½-½ (37) Gelfand,B (2750)-Aronian,L (2782) Nice 2010}) 11. b3 c5 $1 12. Nb5 Nc6 13. Bb2 cxd4 14. Nxd4 (14. Bxd4 {with more complications.} Nxd4 15. Nxd4 Bd7 16. a4) 14... Nxd4 15. Bxd4 Bxd4 16. Qxd4 Qxd4 17. exd4 Rd8 18. Rfd1 Be6 19. Rac1 Bd5 20. Bc4 a4 21. h4 e6 22. Bxd5 Rxd5 $11 {[%emt 0:00:10][%mdl 4096] Endgame KRR-KRR} 23. Rc5 axb3 24. axb3 Rd7 25. Rb5 {[%emt 0:02:55] The position is equal.} Ra6 26. g3 Kg7 27. Kg2 Rad6 28. Kf3 Rd5 29. Rxd5 Rxd5 {[%emt 0:00:02] KR-KR} 30. Ke3 Rb5 31. Rd3 h6 32. Kd2 g5 33. hxg5 hxg5 34. g4 Ra5 35. Kc3 Kf6 36. f3 Ke7 37. Kb4 Rd5 38. Kc4 Kd6 39. Rd2 Ra5 40. Rh2 Ra1 41. Rh5 Rf1 42. Rxg5 Rxf3 43. Rb5 Rf4 44. g5 Kc7 45. Rc5+ Kb8 46. Re5 Kc7 47. Rc5+ Kd7 48. Rb5 Kc7 {[%emt 0:05:33] Weighted Error Value: White=0.03 (flawless) /Black=0.03 (flawless)} 1/2-1/2